 Dungeon Crawl Stone Soup version 0.31-a0-819-gf6de2f5ab6 (webtiles) character file.

Game seed: 736717160737167206

89 qw the Shooter (level 4, 0/27 HPs)
             Began as a Gargoyle Hunter on Sept 23, 2023.
             Killed by nerve-wracking pain
             ... invoked by Grinder
              (1 damage)
             ... while paralysed by Grinder
             ... on level 3 of the Dungeon.
             The game lasted 00:00:39 (1519 turns).

qw the Shooter (Gargoyle Hunter)                    Turns: 1519, Time: 00:00:39

Health: 0/27       AC: 10    Str: 15    XL:     4   Next: 55%
Magic:  4/4        EV:  2    Int:  9    God:
Gold:   166        SH:  0    Dex: 21    Spells: 3/3 levels left

rFire   . . .        Y - +0 shortbow
rCold   . . .        (shield currently unavailable)
rNeg    + . .        f - +0 ring mail
rPois   inf          (no helmet)
rElec   +            (no cloak)
rCorr   .            (no gloves)
SInv    .            j - +0 pair of boots
Will    .....        (no amulet)
Stlth   +            h - +6 ring of dexterity
HPRegen 0.24/turn    (no ring)
MPRegen 0.09/turn

%: no passive effects
@: paralysed
A: sickness immunity, AC +3, negative energy resistance 1, electricity
resistance, torment resistance 1, petrification resistance
a: no special abilities


You were on level 3 of the Dungeon.
You visited 1 branch of the dungeon, and saw 3 of its levels.

You collected 166 gold pieces.


Innate Abilities, Weirdness & Mutations

You are immune to sickness and miasma.
Your stone body is resilient. (AC +3)
You are immune to poison.
You resist negative energy. (rN+)
You are resistant to electric shocks. (rElec)
You are resistant to unholy torment.
You are immune to petrification.


   Skills:
 + Level 2.8 Fighting
 - Level 5.0 Ranged Weapons
 - Level 2.2 Armour
 - Level 1.5 Dodging
 - Level 1.1 Stealth


You had 3 spell levels left.
You didn't know any spells.
Your spell library was empty.

Inventory:

Hand Weapons
 Y - a +0 shortbow (weapon)
Armour
 f - a +0 ring mail (worn)
 j - a +0 pair of boots (worn)
Jewellery
 h - a +6 ring of dexterity (left hand)
Potions
 a - a potion of degeneration {unknown}
 b - a potion of might {unknown}
 d - a potion of curing {unknown}
 e - a potion of haste {unknown}

Dungeon Overview and Level Annotations

Branches:
Dungeon (3/15)

Altars:

Annotations:
D:3 Grinder


Message History

You shoot an arrow. The arrow hits Grinder.
Grinder is moderately wounded.
Grinder hits you but does no damage.
You shoot an arrow. The arrow hits Grinder.
Grinder is heavily wounded.
Grinder hits you but does no damage. Grinder hits you.
You writhe in agony.
You shoot an arrow. The arrow closely misses Grinder.
Grinder closely misses you.
You shoot an arrow.
The arrow hits Grinder but does no damage.
Grinder is heavily wounded.
Grinder hits you but does no damage.
You shoot an arrow.
The arrow hits Grinder but does no damage.
Grinder is heavily wounded.
Grinder barely misses you. Grinder hits you but does no damage.
You shoot an arrow.
The arrow hits Grinder but does no damage.
Grinder is heavily wounded.
Grinder closely misses you.
You shoot an arrow.
The arrow hits Grinder but does no damage.
Grinder is heavily wounded.
Grinder hits you.
You writhe in agony.
You shoot an arrow. The arrow closely misses Grinder.
Grinder gestures at you. Pain shoots through your body!
You shoot an arrow. The arrow hits Grinder.
Grinder is heavily wounded.
Grinder closely misses you.
You shoot an arrow. The arrow closely misses Grinder.
Grinder hits you but does no damage. Grinder gestures at you.
You suddenly lose the ability to move!
Grinder gestures at you. Pain shoots through your body!
Grinder gestures at you. Pain shoots through your body!
You die...
Grinder says, "Now the real fun starts!"

#........ #.......
#....... #......
#.#...# #.#...#
#.#...#
##.##.####.#
#....5@....#
#.#..##.....##
#.#...#......... #
#.#...##....###. #.
#.#...##....# ..
#.#...#######
.###.#.#...########
.......#5..........
...................


You could see Grinder.

Vanquished Creatures
  A hound (D:2)
  2 adders
  A ball python (D:2)
  6 endoplasms
  2 giant cockroaches
  3 goblins (D:1)
  4 hobgoblins
  3 jackals (D:1)
  2 quokkas (D:2)
  6 bats
  A frilled lizard (D:2)
  3 kobolds
  6 rats
40 creatures vanquished.

Notes
Turn   | Place    | Note
-------+----------+-------------------------------------------
     0 | D:1      | qw the Gargoyle Hunter began the quest for the Orb.
     0 | D:1      | Reached XP level 1. HP: 12/12 MP: 1/1
     0 | D:1      | 0 ||| qw: Version: 0.3-a-83-gcd0e7d8
     0 | D:1      | 0 ||| qw: Game counter: 1651
     0 | D:1      | 0 ||| qw: Melee chars always use a shield: true
     0 | D:1      | 0 ||| qw: God list: Okawaru
     0 | D:1      | 0 ||| qw: Allow faded altars: false
     0 | D:1      | 0 ||| qw: Do Orc after clearing Dungeon:15 true
     0 | D:1      | 0 ||| qw: Do second Lair branch before Depths: true
     0 | D:1      | 0 ||| qw: Lair rune preference: random
     0 | D:1      | 0 ||| qw: Goals: Normal
     0 | D:1      | 0 ||| PLANNING D:1-11
   117 | D:1      | Reached XP level 2. HP: 17/17 MP: 2/2
   716 | D:1      | 716 ||| UPGRADING to +0 ring mail.
   726 | D:1      | 726 ||| DROPPING +0 leather armour.
   727 | D:1      | 727 ||| UPGRADING to +6 ring of dexterity.
   728 | D:1      | 728 ||| READING scroll labelled CAIFOKLO WASEX.
   729 | D:1      | 729 ||| READING scroll labelled PEBURGH SIKUFIEXIP.
   730 | D:1      | 730 ||| READING scroll labelled NASULI YTUTAIF.
   731 | D:1      | 731 ||| READING scroll labelled IMAZUR FIEW CATZ.
   732 | D:1      | 732 ||| DROPPING scroll of butterflies.
   859 | D:2      | Reached XP level 3. HP: 21/21 MP: 3/3
   935 | D:2      | Reached skill level 5 in Ranged Weapons
   935 | D:2      | Reached XP level 4. HP: 26/26 MP: 4/4
  1124 | D:2      | 1124 ||| UPGRADING to +0 pair of boots.
  1129 | D:2      | 1129 ||| READING scroll labelled ESUCECWONG.
  1130 | D:2      | 1130 ||| READING scroll labelled IXZAASMIUVI.
  1162 | D:3      | Noticed Grinder
  1172 | D:3      | Paralysed by Grinder for 4 turns
  1177 | D:3      | HP: 5/27 [Grinder (5)]
  1179 | D:3      | 1179 ||| FLEEEEING.
  1180 | D:3      | 1180 ||| FLEEEEING.
  1181 | D:3      | 1181 ||| FLEEEEING.
  1182 | D:3      | 1182 ||| FLEEEEING.
  1183 | D:3      | 1183 ||| FLEEEEING.
  1186 | D:3      | 1186 ||| FLEEEEING.
  1187 | D:3      | 1187 ||| FLEEEEING.
  1190 | D:3      | 1190 ||| STAIRDANCE
  1276 | D:2      | 1276 ||| DRINKING 2 grey potions.
  1277 | D:2      | 1277 ||| DROPPING potion of magic.
  1287 | D:3      | Paralysed by Grinder for 4 turns
  1292 | D:3      | HP: 4/27 [Grinder (7)]
  1294 | D:3      | 1294 ||| STAIRDANCE
  1387 | D:3      | 1387 ||| STAIRDANCE
  1412 | D:3      | 1412 ||| STAIRDANCE
  1438 | D:3      | 1438 ||| STAIRDANCE
  1515 | D:3      | HP: 4/27 [Grinder/nerve-wracking pain (5)]
  1517 | D:3      | Paralysed by Grinder for 3 turns
  1518 | D:3      | HP: 1/27 [Grinder/nerve-wracking pain (4)]
  1519 | D:3      | Killed from afar by Grinder

Levels and vault maps discovered:
D:1:      minmay_arrival_stair_chambers, layout_loops_ring
D:2:      layout_basic
D:3:      layout_basic, nzn_wu_jian_council_hall, uniq_crazy_yiuf_cottage,
          uniq_grinder, uniq_terence

Skill      XL: |  1  2  3 |
---------------+----------+-----
Armour         | 2 |  2.2
Ranged Weapons | 5 |  5.0
Fighting       | |  2.8
Dodging        | |  1.5
Stealth        | |  1.1

Action                     |  1- 3 |  4- 6 || total
---------------------------+-------+-------++-------
   Fire: Shortbow          |    57 |    75 ||   132
    Use: Scroll            |     4 |     2 ||     6
         Potion            |       |     1 ||     1
 Armour: Leather armour    |     3 |       ||     3
         Ring mail         |     9 |    33 ||    42
  Dodge: Dodged            |     9 |    16 ||    25

Table legend:
 A = Non-vault XP
 B = Vault XP
 C = Vault XP percentage of total XP
 D = Non-vault monster count
 E = Vault monster count
 F = Vault count percentage of total count
                 A         B        C        D         E       F
            +---------+---------+-------+---------+---------+-------
      Total |     128 |       0 |   0.0 |      40 |       0 |   0.0
            +---------+---------+-------+---------+---------+-------
        D:1 |      32 |       0 |   0.0 |      19 |       0 |   0.0
        D:2 |      82 |       0 |   0.0 |      19 |       0 |   0.0
        D:3 |      14 |       0 |   0.0 |       2 |       0 |   0.0
            +---------+---------+-------+---------+---------+-------
